 Dungeon Crawl Stone Soup version 0.20.0-10-g0535bb4 (webtiles) character file.

43 sagitran the Sneak (level 3, 0/17 HPs)
             Began as a Vine Stalker Enchanter on June 6, 2017.
             Slain by a quokka (2 damage)
             ... on level 3 of the Dungeon on June 7, 2017.
             The game lasted 01:08:08 (1414 turns).

sagitran the Sneak (Vine Stalker Enchanter)         Turns: 1414, Time: 01:08:09

Health: 0/17       AC:  8    Str: 10    XL:     3   Next: 58%
Magic:  0/7        EV: 12    Int: 20    God:
Gold:   32         SH:  0    Dex: 15    Spells: 5/6 levels left

rFire    . . .     SeeInvis .   a - +1 dagger
rCold    . . .     Gourm    .   (no shield)
rNeg     . . .     Faith    .   b - +0 robe
rPois    .         Spirit   +   (no helmet)
rElec    .         Reflect  .   (no cloak)
rCorr    .         Harm     .   (no gloves)
MR       .....                  (no boots)
Stlth    +++.......             (no amulet)
Regen    0.1/turn               l - +6 ring of protection
MPRegen  0.1/turn               (no ring)

@: brilliant, very slightly contaminated, invisible
A: fangs 2, magic shield, antimagic bite, no potion heal 3, rot immunity
a: no special abilities


You were on level 3 of the Dungeon.
You were hungry.

You visited 1 branch of the dungeon, and saw 3 of its levels.

You collected 32 gold pieces.

Inventory:

Hand Weapons
 a - a +1 dagger (weapon)
 n - a +0 hunting sling
Missiles
 e - 87 stones (quivered)
 g - 11 poisoned needles
Armour
 b - a +0 robe (worn)
Jewellery
 l - a +6 ring of protection (left hand)
Scrolls
 o - a scroll of remove curse
 p - a scroll of magic mapping
Potions
 f - a potion of curing
Books
 c - a book of Maledictions

   Spells                             Type                      Level
   a - Corona                         Hexes                        1
   b - Ensorcelled Hibernation        Hexes/Ice                    2
   c - Confuse                        Hexes                        3
   d - Tukima's Dance                 Hexes                        3
   e - Dazzling Spray                 Conjuration/Hexes            3
Comestibles
 d - 2 bread rations
 i - a chunk of flesh
 m - a meat ration


   Skills:
 + Level 0.3 Fighting
 + Level 1.1 Short Blades
 + Level 1.7 Dodging
 + Level 4.3 Stealth
 + Level 2.4 Spellcasting
 + Level 3.5 Hexes


You had 5 spell levels left.
You knew the following spells:

 Your Spells              Type           Power        Failure   Level  Hunger
a - Corona                Hex            ####...      1%          1    #......


Dungeon Overview and Level Annotations

Branches:
Dungeon (3/15)

Altars:
Nemelex Xobeh
Xom

Annotations:
D:2 Jessica, Sigmund


Innate Abilities, Weirdness & Mutations

You have extremely sharp teeth.
When hurt, damage is shared between your health and your magic reserves.
Your bite disrupts and absorbs the magic of your enemies.
Potions cannot restore your health.
You are immune to rotting.


Message History

It was a potion of invisibility.
You fade into invisibility!
The bat barely misses you.
The quokka bites you but does no damage.
The hobgoblin hits you.
You are very lightly contaminated with residual magic.
You have no ailments to cure.
You hit the hobgoblin but do no damage. You bite the hobgoblin.
You drain its power.
You feel invigorated.
You kill the hobgoblin!
The bat hits you but does no damage. The quokka barely misses you.
The goblin hits you with a club.
You hit the goblin.
You kill the goblin!
The quokka misses you. The bat hits you but does no damage.
The quokka barely misses you.
You hit the quokka. You bite the quokka, but do no damage.
The quokka is lightly wounded.
The bat hits you but does no damage. The quokka bites you.
You die...

******** *,,,,,,*
*,,,,,,* *,,,,,,*
*,,,,,,*******
*,,,,,,,,,*,,,
########***,,,,,*,,,
#......# *,,,,,*,,,
#..@b..#***,,,,,*,,,
#.)†r.....+,,,,,+,,,
###....####,,,,,****
#..>.+,,,,,,,,,**
#....#*,******,,**
#....#*,* **,,,
#....#*,* *,,,
#....#*,* *,..
*******,* *.(.


You could see a quokka and a bat.

Vanquished Creatures
  An adder (D:3)
  An ooze (D:3)
  4 bats
  A giant cockroach (D:1)
  9 goblins
  2 hobgoblins (D:3)
  5 frilled lizards
  4 kobolds
  3 rats (D:1)
30 creatures vanquished.

Notes
Turn   | Place    | Note
-------+----------+-------------------------------------------
     0 | D:1      | sagitran the Vine Stalker Enchanter began the quest for the Orb.
     0 | D:1      | Reached XP level 1. HP: 9/9 MP: 4/4
   326 | D:1      | Reached skill level 4 in Stealth
   326 | D:1      | Reached XP level 2. HP: 8/13 MP: 6/6
  1015 | D:1      | Reached skill level 1 in Short Blades
  1094 | D:2      | Found a shimmering altar of Xom.
  1094 | D:2      | Found a shimmering altar of Xom.
  1095 | D:2      | Found a shimmering altar of Xom.
  1095 | D:2      | Found a shimmering altar of Xom.
  1096 | D:2      | Found a shimmering altar of Xom.
  1117 | D:2      | Noticed Sigmund
  1132 | D:2      | Noticed Jessica
  1156 | D:2      | You fall through a shaft!
  1156 | D:3      | Found a sparkling altar of Nemelex Xobeh.
  1219 | D:3      | Reached XP level 3. HP: 14/16 MP: 4/7
  1414 | D:3      | Slain by a quokka

Skill      XL: |  1  2 |
---------------+-------+-----
Stealth        | 4 |  4.3
Short Blades   | 1 |  1.1
Fighting       | |  0.3
Dodging        | |  1.7
Spellcasting   | |  2.4
Hexes          | |  3.5

Action                   || total
-------------------------++-------
Melee: Dagger            ||    79
       Bite              ||    15
 Fire: Hunting sling     ||    13
Throw: Stone             ||    30
 Cast: Corona            ||     3
  Use: Scroll            ||     6
       Potion            ||     3
 Stab: Sleeping          ||     1
  Eat: Chunk             ||     1
Armor: Robe              ||    31
Dodge: Dodged            ||    76
